 Dungeon Crawl Stone Soup version 0.22.1-1-ga44c0e5 (webtiles) character file.

1837 Iscandelvey the Conjurer (level 8, -1/57 HPs)
             Began as a Demigod Conjurer on Oct 23, 2018.
             Slain by a jackal (2 damage)
             ... on level 8 of the Dungeon.
             The game lasted 00:28:46 (7757 turns).

Iscandelvey the Conjurer (Demigod Conjurer)         Turns: 7757, Time: 00:28:47

Health: -1/57      AC:  4    Str:  9 (11) XL:     8   Next: 56%
Magic:  1/20       EV: 14    Int: 22 (23) God:
Gold:   314        SH:  0    Dex: 13 (16) Spells: 1/18 levels left

rFire    + . .     SeeInvis .   F - +0 shortbow
rCold    . . .     Gourm    .   (shield currently unavailable)
rNeg     . . .     Faith    .   a - +0 robe
rPois    .         Spirit   .   (no helmet)
rElec    .         Reflect  .   (no cloak)
rCorr    .         Harm     .   t - +0 pair of gloves
MR       .....                  j - +0 pair of boots
Stlth    +++.......             (no amulet)
HPRegen  0.19/turn              g - ring of protection from fire
MPRegen  0.17/turn              (no ring)

@: very slightly contaminated, drained
A: high mp 1
a: no special abilities


You were on level 8 of the Dungeon.
You were hungry.

You visited 1 branch of the dungeon, and saw 8 of its levels.

You collected 314 gold pieces.

Inventory:

Hand Weapons
 e - a +3 dagger
 r - a +2 short sword of venom
 F - a +0 shortbow (weapon)
 K - a +2 rapier of venom
Missiles
 d - 52 sling bullets
 k - 103 stones
 z - 120 arrows (quivered)
Armour
 a - a +0 robe (worn)
 j - a +0 pair of boots (worn)
 q - a +0 buckler
 t - a +0 pair of gloves (worn)
Jewellery
 g - a ring of protection from fire (left hand)
Wands
 x - a wand of random effects (26)
 D - a wand of digging (15)
 I - a wand of disintegration (11)
 L - a wand of acid (5)
Scrolls
 b - 2 scrolls of enchant armour {unknown}
 o - 8 scrolls of identify
 v - 4 scrolls of remove curse
 y - 4 scrolls of amnesia {unknown}
 B - a scroll of fog {unknown}
 C - 2 scrolls of enchant weapon {unknown}
 H - a scroll of brand weapon {unknown}
 J - a scroll of immolation {unknown}
Potions
 f - 2 potions of agility {unknown}
 h - 2 potions of lignification {unknown}
 i - 2 potions of cancellation {unknown}
 l - 3 potions of haste {unknown}
 m - 3 potions of brilliance {unknown}
 n - 3 potions of degeneration
 p - a potion of flight {unknown}
 s - 2 potions of magic {unknown}
 u - a potion of might {unknown}
 w - 2 potions of curing {unknown}
 A - 2 potions of ambrosia {unknown}
 E - a potion of berserk rage {unknown}
Comestibles
 c - 10 rations
 G - 6 chunks of flesh


   Skills:
 + Level 4.6(4.3) Dodging
 + Level 4.8(4.5) Stealth
 * Level 5.8(5.5) Spellcasting
 * Level 6.5(6.2) Conjurations
 + Level 2.0(1.7) Translocations
 + Level 0.8(0.5) Fire Magic


You had one spell level left.
You knew the following spells:

 Your Spells              Type           Power        Failure   Level  Hunger
a - Magic Dart            Conj           ####         1%          1    None
b - Searing Ray           Conj           ####..       1%          2    None
c - Blink                 Tloc           N/A          7%          2    None
d - Conjure Flame         Conj/Fire      ###.....     7%          3    ##.....
e - Mephitic Cloud        Conj/Pois/Air  ###.....     12%         3    ##.....
f - Call Imp              Summ           #.......     14%         2    None
g - Fulminant Prism       Conj/Hex       ###.......   26%         4    ####...

Your spell library contained the following spells:

 Spells                   Type           Power        Failure   Level  Hunger
 Sting                    Conj/Pois      ###.         2%          1    None
 Apportation              Tloc           ##....       4%          1    None
 Animate Skeleton         Necr           N/A          10%         1    None
 Confusing Touch          Hex            #.....       10%         1    None
 Summon Small Mammal      Summ           #...         10%         1    None
 Iskenderun's Mystic Bla  Conj           ####....     8%          4    ####...
 Dazzling Spray           Conj/Hex       ###...       9%          3    ##.....
 Poisonous Vapours        Pois/Air       #.....       14%         2    None
 Slow                     Hex            #.......     14%         2    None
 Force Lance              Conj/Tloc      ###.....     19%         4    ####...
 Venom Bolt               Conj/Pois      ###.......   58%         5    #####..
 Olgreb's Toxic Radiance  Pois           #.......     67%         4    ####...


Dungeon Overview and Level Annotations

Branches:
Dungeon (8/15)             Temple (0/1) D:4
   Lair: D:8-11

Shops:
D:5 :   D:6 %

Annotations:
D:5 3 runed doors, tkdonut's ghost, novice HOBe


Innate Abilities, Weirdness & Mutations

You have an increased reservoir of magic. (+10% MP)


Message History

You spin around.
The black bear misses you. The black bear claws you!
The black bear barely misses you.
The wight hits you with a dire flail of freezing!
The wight freezes you.
* * * LOW HITPOINT WARNING * * *
The jackal bites you but does no damage.
The wight hits you with a mace of freezing!
* * * LOW HITPOINT WARNING * * *
You feel drained.
* * * LOW HITPOINT WARNING * * *
The wight freezes you.
* * * LOW HITPOINT WARNING * * *
The black bear barely misses you.
The black bear claws you but does no damage.
The black bear closely misses you.
It was a potion of degeneration.
There was something very wrong with that liquid.
You feel weakened.
You feel dopey.
You feel clumsy. The jackal bites you.
You die...

# #. .#### ...
###.###z##.####
......h@h.....#
###.###z##.##.#
... .#.#.
..#.#.. .. #.#
.. #.. #.# ..#
## #.# .#


You could see a black bear (berserk), 2 wights and a jackal.

Vanquished Creatures
  Menkaure (D:6)
  An orc warrior (D:5)
  A black bear (D:7)
  3 ogres
  A centaur (D:5)
  2 bullfrogs
  A water moccasin skeleton (D:7)
  A scorpion (D:4)
  2 howler monkeys
  A wight (D:7)
  A crimson imp (D:6)
  A quasit (D:6)
  A bullfrog zombie (D:6)
  3 hounds (D:5)
  A jelly (D:5)
  A gnoll shaman (D:5)
  2 orc priests
  Jessica (D:2)
  4 iguanas
  An orc wizard (D:3)
  3 worker ants
  2 worker ant zombies (D:7)
  Robin (D:2)
  5 gnolls
  9 adders
  A shadow imp (D:5)
  An ooze (D:4)
  An adder zombie (D:6)
  An adder skeleton (D:5)
  5 worms
  2 dart slugs
  3 leopard geckos
  13 orcs
  A ball python (D:3)
  10 bats
  9 hobgoblins
  6 jackals
  3 quokkas
  7 frilled lizards
  15 goblins
  A jackal skeleton (D:6)
  12 kobolds
  A leopard gecko skeleton (D:5)
  A quokka zombie (D:6)
  6 rats
149 creatures vanquished.

Notes
Turn   | Place    | Note
-------+----------+-------------------------------------------
     0 | D:1      | Iscandelvey the Demigod Conjurer began the quest for the
                  | Orb.
     0 | D:1      | Reached XP level 1. HP: 14/14 MP: 5/5
   359 | D:1      | Reached skill level 4 in Conjurations
   410 | D:1      | Reached XP level 2. HP: 20/20 MP: 7/7
   469 | D:1      | Learned a level 2 spell: Searing Ray
   840 | D:2      | Noticed a hand axe
   843 | D:2      | Noticed a dagger
   851 | D:2      | Reached XP level 3. HP: 14/26 MP: 2/8
  1112 | D:2      | Found a hide-covered altar of Uskayaw.
  1481 | D:2      | Found a faded altar of an unknown god.
  1680 | D:2      | Noticed Robin
  1687 | D:2      | Killed Robin
  1938 | D:2      | Reached XP level 4. HP: 23/33 MP: 5/10
  2041 | D:2      | Learned a level 2 spell: Blink
  2045 | D:2      | Learned a level 3 spell: Conjure Flame
  2208 | D:2      | Noticed Jessica
  2213 | D:2      | Killed Jessica
  2214 | D:2      | Found an iron altar of Okawaru.
  2389 | D:3      | Found an ancient bone altar of Kikubaaqudgha.
  2627 | D:3      | Reached XP level 5. HP: 16/38 MP: 6/12
  3589 | D:4      | Found a staircase to the Ecumenical Temple.
  3599 | D:4      | Found a shimmering altar of Xom.
  3646 | D:4      | Noticed an ogre
  3725 | D:4      | Killed an ogre
  3725 | D:4      | Reached skill level 5 in Conjurations
  3725 | D:4      | Reached XP level 6. HP: 38/45 MP: 4/14
  4116 | D:4      | Found a blossoming altar of Fedhas.
  4372 | D:4      | Found a burning altar of Makhleb.
  4373 | D:4      | Found a glowing golden altar of the Shining One.
  4496 | D:5      | Entered Level 5 of the Dungeon
  4496 | D:5      | Found a white marble altar of Elyvilon.
  4705 | D:5      | Reached XP level 7. HP: 50/50 MP: 9/16
  4830 | D:5      | Found Zudyratu's Book Boutique.
  5250 | D:5      | Found an opulent altar of Gozag.
  5467 | D:5      | Reached skill level 5 in Spellcasting
  5467 | D:5      | Reached skill level 6 in Conjurations
  5726 | D:5      | Found a runed gate.
  5727 | D:5      | Found a runed gate.
  5728 | D:5      | Found a runed gate.
  5728 | D:5      | Noticed tkdonut's ghost (novice HOBe)
  6322 | D:6      | Found Qafopi's Food Emporium.
  6331 | D:6      | Reached XP level 8. HP: 50/57 MP: 19/19
  6345 | D:6      | Reached skill level 1 in Translocations
  6995 | D:6      | Noticed Menkaure
  7015 | D:6      | Killed Menkaure
  7204 | D:7      | Learned a level 3 spell: Mephitic Cloud
  7207 | D:7      | Learned a level 2 spell: Call Imp
  7212 | D:7      | Learned a level 4 spell: Fulminant Prism
  7756 | D:8      | HP: 1/57 [wight/mace of freezing (3)]
  7757 | D:8      | Slain by a jackal

Skill      XL: |  1  2  3  4  5  6  7  8 |
---------------+-------------------------+-----
Conjurations   | 4 5 6 |  6.5
Spellcasting   | 2 3 4 5 |  5.8
Stealth        | 2 3 4 |  4.8
Dodging        | 2 3 4 |  4.6
Translocations | 2 |  2.0
Fire Magic     | |  0.8

Action                   |  1- 3 |  4- 6 |  7- 9 || total
-------------------------+-------+-------+-------++-------
Melee: Dagger            |    65 |       |       ||    65
       Short sword       |     1 |    55 |   139 ||   195
       Rapier            |       |       |    18 ||    18
 Fire: Shortbow          |       |       |    78 ||    78
 Cast: Magic Dart        |    34 |    45 |     4 ||    83
       Searing Ray       |     6 |    13 |    19 ||    38
       Blink             |       |     1 |     8 ||     9
       Conjure Flame     |       |       |     9 ||     9
  Use: Scroll            |       |       |     2 ||     2
       Potion            |       |       |     1 ||     1
 Stab: Sleeping          |     7 |     2 |     3 ||    12
  Eat: Chunk             |     4 |     9 |     6 ||    19
       Ration            |       |       |     1 ||     1
Armor: Robe              |    24 |    23 |    74 ||   121
Dodge: Dodged            |    58 |    53 |   186 ||   297
